 Dungeon Crawl Stone Soup version 0.30-a0-930-gb9d0489357 (webtiles) character file.

Game seed: 3576426564839866670

120647 Nepie the Markshuman (level 17, -7/140 HPs)
             Began as a Human Hunter on Mar 23, 2023.
             Was the Champion of Dithmenos.
             Mangled by a spriggan defender
             ... wielding a +3 vampiric demon whip
              (16 damage)
             ... on level 1 of the Depths.
             The game lasted 01:49:46 (23825 turns).

Nepie the Markshuman (Human Hunter)                Turns: 23825, Time: 01:49:47

Health: -7/140     AC: 11    Str: 13    XL:     17   Next: 37%
Magic:  17/17      EV: 31    Int:  9    God:    Dithmenos [******]
Gold:   1746       SH:  0    Dex: 36    Spells: 16/16 levels left

rFire   . . .      SeeInvis .    F - +5 dagger (elec)
rCold   . . .      Faith    .    (no shield)
rNeg    + . .      Spirit   .    d - +2 robe {rN+}
rPois   .          Reflect  .    D - +2 hat
rElec   .          Rampage  +    H - scarf {harm}
rCorr   .          Clarity  +    c - +1 pair of gloves
Will    +....      Harm     + .  K - +2 pair of boots {rampage} Stlth ***+++++++
                                 h - amulet of regeneration
HPRegen 1.23/turn                z - +6 ring of dexterity
MPRegen 0.15/turn                U - +6 ring of dexterity

@: wreathed by umbra
A: horns 1, clarity, screaming 1
a: Renounce Religion, Shadow Step, Shadow Form


You were on level 1 of the Depths.
You worshipped Dithmenos.
Dithmenos was exalted by your worship.
You visited 5 branches of the dungeon, and saw 24 of its levels.

You collected 2070 gold pieces.
You spent 324 gold pieces at shops.

Inventory:

Hand Weapons
 p - a +0 longbow
 t - a +3 shortbow of flaming
 F - a +5 dagger of electrocution (weapon)
Armour
 c - a +1 pair of gloves (worn)
 d - a +2 robe of positive energy (worn)
 v - a +1 chain mail of poison resistance
 D - a +2 hat (worn)
 H - a scarf of harm (worn)
 I - a +1 cloak of preservation
 K - a +2 pair of boots of rampaging (worn)
 T - a +3 leather armour of willpower
Jewellery
 b - a +6 ring of dexterity
 h - an amulet of regeneration (around neck)
 n - a ring of protection from cold
 u - a ring of positive energy
 z - a +6 ring of dexterity (left hand)
 N - a ring of poison resistance
 U - a +6 ring of dexterity (right hand)
Wands
 a - a wand of polymorph (3)
 k - a wand of paralysis (14)
 s - a wand of digging (8)
 M - a wand of flame (13)
 P - a wand of mindburst (12)
 V - a wand of iceblast (2)
Scrolls
 g - 8 scrolls of identify
 i - 8 scrolls of noise
 m - a scroll of magic mapping
 O - 3 scrolls of amnesia
Potions
 e - a potion of heal wounds
 S - 4 potions of flight
Miscellaneous
 W - a tin of tremorstones (2/2)


   Skills:
 + Level 14.9 Fighting
 - Level 0.4 Short Blades
 + Level 19.0 Ranged Weapons
 * Level 14.0 Dodging
 * Level 13.0 Stealth
 + Level 1.0 Evocations


You had 16 spell levels left.
You didn't know any spells.
Your spell library contained the following spells:

 Spells                   Type           Power      Damage    Failure   Level
 Magic Dart               Conj           0%         1d3       38%         1
 Necrotise                Necr           0%         1d4       38%         1
 Slow                     Hex            0%         N/A       38%         1
 Sting                    Tmut/Pois      0%         1d3       38%         1
 Blink                    Tloc           0%         N/A       52%         2
 Call Imp                 Summ           0%         N/A       52%         2
 Ensorcelled Hibernation  Hex/Ice        0%         N/A       52%         2
 Lesser Beckoning         Tloc           0%         N/A       52%         2
 Momentum Strike          Conj/Tloc      0%         3d8       52%         2
 Poisonous Vapours        Pois/Air       0%         N/A       52%         2
 Static Discharge         Conj/Air       0%         2-2/arc   52%         2
 Sublimation of Blood     Necr           0%         N/A       52%         2
 Wereblood                Tmut           0%         N/A       52%         2
 Mephitic Cloud           Conj/Pois/Air  0%         N/A       77%         3
 Vampiric Draining        Necr           0%         2d6       77%         3
 Vhi's Electric Charge    Tloc/Air       0%         N/A       77%         3
 Airstrike                Air            0%         2d(0-16)  99%         4
 Olgreb's Toxic Radiance  Pois           0%         N/A       99%         4
 Petrify                  Tmut/Erth      0%         N/A       99%         4
 Summon Lightning Spire   Summ/Air       0%         N/A       99%         4
 Agony                    Necr           0%         N/A       100%        5
 Arcjolt                  Conj/Air       0%         1d10      100%        5
 Borgnjor's Vile Clutch   Necr/Erth      0%         N/A       100%        5
 Fireball                 Conj/Fire      0%         3d3       100%        5
 Iskenderun's Battlesphe  Conj           0%         2d6       100%        5
 Lee's Rapid Deconstruct  Erth           0%         3d4*      100%        5
 Metabolic Englaciation   Hex/Ice        0%         N/A       100%        5
 Plasma Beam              Fire/Air       0%         2x1d11    100%        5
 Silence                  Hex/Air        0%         N/A       100%        5
 Conjure Ball Lightning   Conj/Air       0%         3x3d6     100%        6
 Iron Shot                Conj/Erth      0%         9d1       100%        6
 Starburst                Conj/Fire      0%         6d3       100%        6
 Orb of Destruction       Conj           0%         9d5       100%        7
 Summon Hydra             Summ           0%         N/A       100%        7


Dungeon Overview and Level Annotations

Branches:
Dungeon (15/15)            Temple (1/1) D:4            Lair (5/5) D:10
  Swamp (1/4) Lair:3       Spider (0/4) Lair:3        Slime (0/5) Lair:4
    Orc (0/2) D:12         Vaults (0/5) D:13         Depths (2/4) D:15

Altars:
Ashenzari
Cheibriados
Dithmenos
Elyvilon
Fedhas
Gozag
Hepliaklqana
Kikubaaqudgha
Makhleb
Nemelex Xobeh
Okawaru
Qazlal
Ru
Sif Muna
Trog
Uskayaw
Vehumet
Wu Jian
Xom
Yredelemnul
Zin
The Shining One

Shops:
D:1 =*   D:4 *   D:5 [   D:10 :??:[   D:14 [

Portals:
Hell: Depths:1 Depths:2
Abyss: Depths:1
Ziggurat: Depths:1

Annotations:
D:14 1 runed translucent door, hackum's ghost, journeyman MfHu
Lair:4 1 runed translucent door, Lutah's ghost, journeyman DgEE


Innate Abilities, Weirdness & Mutations

You have a pair of small horns on your head.
You possess an exceptional clarity of mind.
You occasionally shout uncontrollably at your foes.


Message History

Okay, then.
Hit: F) +5 dagger (elec)
Press: ? - help, Dir - move target, f - spriggan defender
Aim: a spriggan defender, wielding a +3 vampiric demon whip, wearing a +0 robe, wearing a +0 buckler and quivering stones (black smoke, umbra, about 44% to evade your +5 dagger of electrocution)
Okay, then.
The spriggan defender completely misses you.
You climb upwards.
Reactivating autopickup.
There is a stone staircase leading down here.
Aiming: Paralyse
Press: ? - help, Shift-Dir - straight line, f - spriggan defender
Aim: a spriggan defender, wielding a +3 vampiric demon whip, wearing a +0 robe, wearing a +0 buckler and quivering stones (umbra, chance to affect: 0%)
Okay, then.
Aiming: Paralyse
Press: ? - help, Shift-Dir - straight line, f - spriggan defender
Aim: a spriggan defender, wielding a +3 vampiric demon whip, wearing a +0 robe, wearing a +0 buckler and quivering stones (umbra, chance to affect: 0%)
The spriggan defender resists with almost no effort.
The spriggan defender hits you with a +3 vampiric demon whip!
The spriggan defender hits you with a +3 vampiric demon whip!!
* * * LOW HITPOINT WARNING * * *
Aiming: Paralyse
Press: ? - help, Shift-Dir - straight line, f/p - spriggan defender
Aim: a spriggan defender, wielding a +3 vampiric demon whip, wearing a +0 robe, wearing a +0 buckler and quivering stones (umbra, chance to affect: 0%)
The spriggan defender resists with almost no effort.
The spriggan defender closely misses you.
Aiming: Paralyse
Press: ? - help, Shift-Dir - straight line, f/p - spriggan defender
Aim: a spriggan defender, wielding a +3 vampiric demon whip, wearing a +0 robe, wearing a +0 buckler and quivering stones (umbra, chance to affect: 0%)
The spriggan defender resists with almost no effort.
The spriggan defender hits you with a +3 vampiric demon whip.
* * * LOW HITPOINT WARNING * * *
The spriggan defender hits you but does no damage.
Aiming: Paralyse
Press: ? - help, Shift-Dir - straight line, f/p - spriggan defender
Aim: a spriggan defender, wielding a +3 vampiric demon whip, wearing a +0 robe, wearing a +0 buckler and quivering stones (umbra, chance to affect: 0%)
The spriggan defender resists with almost no effort.
The spriggan defender hits you with a +3 vampiric demon whip.
* * * LOW HITPOINT WARNING * * *
The spriggan defender hits you with a +3 vampiric demon whip!
You die...

.......#...........#
.......#######.....#
.......# ####.##
###.#### #..# #.## #.##
#..# #.# ##.# #####'##
####'#######......#
........##.+....@.#
......^.##.#....i.####
........#..#.........##
........#.#..#.....#..#
....^...'.#.###...###.#
....()..###..#..+..#..#
#.......####...#.#...##
##..........#.##.##.##
.##.#.#####....#.#..)##


You could see a spriggan defender.

Vanquished Creatures
  Nikola (Depths:2)
  2 liches
  A thorn hunter (Depths:2)
  2 fire giants
  2 reapers (Depths:2)
  4 stone giants
  3 very ugly things
  Azrael (D:14)
  3 ettins
  A fire dragon (Depths:1)
  4 vault guards (D:13)
  Erica (D:8)
  5 ice dragons
  2 catoblepae (Lair:5)
  2 spriggan air magi (Depths:2)
  A rakshasa (Depths:2)
  A death knight (D:14)
  5 hydras
  2 centaur warriors
  4 boulder beetles
  4 two-headed ogres
  A satyr (Depths:2)
  3 deep troll shamans
  5 death yaks
  2 tengu warriors
  A spriggan berserker (Depths:2)
  A hell knight (Depths:2)
  A sun demon (Depths:2)
  5 soul eaters
  3 iron trolls
  2 skeletal warriors (D:14)
  3 deep trolls
  A glowing orange brain (Depths:2)
  An orb spider (Lair:3)
  A phantasmal warrior (D:14)
  7 large abominations (Depths:1)
  A lindwurm (Lair:5)
  2 wizards
  A wolf spider (D:15)
  4 deep elf pyromancers
  2 deep elf zephyrmancers (D:10)
  9 ugly things
  7 cyclopes
  3 manticores
  2 fauns (Depths:2)
  An ice statue (Lair:1)
  20 elephants
  A water nymph (Depths:2)
  Maurice (D:10)
  6 torpor snails
  8 black mambas
  2 smoke demons (Depths:1)
  A gargoyle (D:13)
  5 cane toads
  A hellion (Depths:2)
  3 unseen horrors
  A yaktaur (D:15)
  3 rime drakes
  3 freezing wraiths
  6 komodo dragons
  4 tengu conjurers
  3 meliai (D:13)
  5 trolls
  An ice devil (Lair:1)
  7 polar bears
  4 guardian mummies (Depths:1)
  4 tyrant leeches (Lair:5)
  6 hornets (Lair:5)
  A polar bear (shapeshifter) (D:14)
  32 blink frogs
  Sigmund (D:4)
  6 slime creatures
  A shadow (D:13)
  2 wraiths
  A fire elemental (D:14)
  A dire elephant simulacrum (Lair:1)
  59 yaks
  5 wyverns
  A death yak simulacrum (Lair:1)
  A steam dragon (D:8)
  3 basilisks
  A hog (shapeshifter) (D:14)
  Eustachio (D:5)
  A redback (shapeshifter) (D:15)
  12 vampire mosquitoes
  Edmund (D:6)
  2 chaos spawn (Depths:1)
  A swamp worm (Lair:3)
  2 acid dragons
  3 hell hounds (D:14)
  11 water moccasins
  A floating eye (shapeshifter) (D:13)
  3 sky beasts
  3 black bears
  6 orc warriors
  2 ogres (D:4)
  6 wolves
  9 centaurs
  7 kobold brigands
  15 bullfrogs
  3 gnoll sergeants
  3 two-headed ogre simulacra (Lair:1)
  2 cane toad simulacra (Lair:1)
  2 scorpions
  4 wights
  9 electric eels
  6 howler monkeys
  3 small abominations (Depths:1)
  2 jellies (D:5)
  A lava snake (D:15)
  8 orc priests
  3 hounds
  A gnoll bouda (D:4)
  2 iguanas
  15 orc wizards
  A spriggan simulacrum (Lair:1)
  A troll simulacrum (Lair:1)
  4 mummies (Depths:1)
  16 gnolls
  A naga simulacrum (Lair:1)
  12 adders
  3 white imps
  An ufetubus (D:4)
  A worm (D:5)
  8 dart slugs
  59 orcs
  11 ball pythons
  5 endoplasms
  A giant cockroach (D:1)
  7 goblins
  5 hobgoblins
  2 quokkas
  6 bats
  3 frilled lizards
  31 kobolds
  7 rats
665 creatures vanquished.

Vanquished Creatures (others)
  A tengu conjurer (Depths:2)
  44 bushes (Depths:2)
  29 fungi
  177 plants
  2 withered plants (D:14)
253 creatures vanquished.

Grand Total: 918 creatures vanquished

Notes
Turn   | Place    | Note
-------+----------+-------------------------------------------
     0 | D:1      | Nepie the Human Hunter began the quest for the Orb.
     0 | D:1      | Reached XP level 1. HP: 16/16 MP: 1/1
   100 | D:1      | Reached XP level 2. HP: 17/22 MP: 2/2
   413 | D:1      | Found Arremoum's General Store.
   431 | D:1      | Reached XP level 3. HP: 27/27 MP: 3/3
   570 | D:1      | Found Kosudok's Jewellery Shoppe.
   970 | D:2      | Reached skill level 5 in Ranged Weapons
  1030 | D:2      | Reached XP level 4. HP: 34/34 MP: 4/4
  1148 | D:2      | Reached XP level 5. HP: 18/39 MP: 5/5
  1559 | D:3      | Reached skill level 6 in Ranged Weapons
  2032 | D:3      | Reached XP level 6. HP: 46/46 MP: 6/6
  2276 | D:3      | Found an ornate altar of the Wu Jian Council.
  2394 | D:4      | Found Dsuog's Desiderata Depot.
  2494 | D:4      | Noticed an ogre
  2501 | D:4      | Killed an ogre
  2506 | D:4      | Reached XP level 7. HP: 46/52 MP: 7/7
  2548 | D:4      | Reached skill level 7 in Ranged Weapons
  2561 | D:4      | Found a staircase to the Ecumenical Temple.
  2580 | D:4      | Identified the staff of conjuration "Rerghautecu" {*Corrode
                  | rElec MP+9 Str+3}
  2592 | Temple   | Entered the Ecumenical Temple
  2648 | Temple   | Became a worshipper of Dithmenos the Shadowed
  2681 | D:4      | Found a broken altar of Ashenzari.
  2990 | D:4      | Noticed Sigmund
  3018 | D:4      | Killed Sigmund
  3057 | D:4      | Reached skill level 8 in Ranged Weapons
  3057 | D:4      | Reached XP level 8. HP: 60/60 MP: 8/8
  3075 | D:4      | Found an iron altar of Okawaru.
  3432 | D:5      | Entered Level 5 of the Dungeon
  3477 | D:5      | Found Gethraf's Antique Armour Emporium.
  3484 | D:5      | Bought an embroidered robe for 107 gold pieces
  3772 | D:5      | Found a bloodstained altar of Trog.
  4175 | D:6      | Noticed Eustachio
  4186 | D:5      | Killed Eustachio
  4187 | D:5      | Reached skill level 9 in Ranged Weapons
  4231 | D:6      | Noticed Edmund
  4247 | D:6      | Killed Edmund
  4248 | D:6      | Reached XP level 9. HP: 41/66 MP: 9/9
  4382 | D:6      | Reached * piety under Dithmenos
  4384 | D:6      | Noticed a troll
  4390 | D:6      | Killed a troll
  4391 | D:6      | Reached skill level 5 in Fighting
  4391 | D:6      | Reached skill level 10 in Ranged Weapons
  4413 | D:6      | Noticed a troll
  4432 | D:6      | Identified the +1 war axe "Uwnoasimu" {holy, Stlth+}
  4514 | D:6      | Killed a troll
  4515 | D:6      | Reached skill level 5 in Dodging
  5252 | D:7      | Reached skill level 11 in Ranged Weapons
  5324 | D:7      | Noticed a boulder beetle
  5467 | D:7      | Reached XP level 10. HP: 71/73 MP: 10/10
  6088 | D:7      | Reached ** piety under Dithmenos
  6621 | D:8      | Reached skill level 12 in Ranged Weapons
  6853 | D:8      | Noticed Erica
  6861 | D:8      | Killed Erica
  7256 | D:9      | Reached *** piety under Dithmenos
  7361 | D:9      | Reached XP level 11. HP: 80/83 MP: 11/11
  7402 | D:9      | Noticed a cyclops
  7404 | D:9      | Noticed a two-headed ogre
  7561 | D:9      | Killed a cyclops
  7582 | D:9      | Reached skill level 5 in Stealth
  7719 | D:9      | Reached skill level 13 in Ranged Weapons
  7784 | D:9      | Found an opulent altar of Gozag.
  8159 | D:10     | Entered Level 10 of the Dungeon
  8291 | D:10     | Found a glowing silver altar of Zin.
  8295 | D:10     | Noticed a deep elf zephyrmancer
  8295 | D:10     | Noticed a wizard
  8299 | D:10     | Killed a wizard
  8354 | D:10     | Found a staircase to the Lair.
  8360 | D:10     | Noticed a wizard
  8389 | D:9      | Killed a wizard
  8512 | D:10     | Found Tomyssy's Book Shop.
  8554 | D:10     | Got Ts'ui PĂȘn's Compilation of Forking Paths
  8574 | D:10     | Got the Directory of Sand
  8581 | D:10     | Got the Folio of Plaster Cramp
  8749 | D:10     | Killed a deep elf zephyrmancer
  8787 | D:10     | Reached **** piety under Dithmenos
  8834 | D:10     | Identified the +0 pair of boots of the Komodo Dragon {Str+5
                  | Dex-4}
  8927 | D:10     | Found Xokhlipa's Magic Scroll Boutique.
  8998 | D:10     | Noticed Maurice
  9003 | D:10     | Killed Maurice
  9039 | D:10     | Found Meoshove's Book Shop.
  9209 | D:10     | Found Sucwiubo's Magic Scroll Shop.
  9271 | D:10     | Noticed a deep elf zephyrmancer
  9277 | D:10     | Killed a deep elf zephyrmancer
  9283 | D:10     | Reached skill level 14 in Ranged Weapons
  9288 | D:10     | Reached XP level 12. HP: 92/92 MP: 12/12
  9457 | D:10     | Found Ratybo Goko's Antique Armour Shop.
  9462 | D:10     | Bought a pair of glowing boots for 217 gold pieces
  9580 | Lair:1   | Entered Level 1 of the Lair of Beasts
  9824 | Lair:1   | Found a gate leading to a gauntlet.
  9836 | Lair:1   | Got Kyazuk's Spellbook of the Radiant Rocks
 10175 | Lair:1   | Reached ***** piety under Dithmenos
 10184 | Lair:1   | Reached skill level 15 in Ranged Weapons
 10439 | Lair:1   | Reached XP level 13. HP: 99/101 MP: 13/13
 11294 | Lair:2   | Reached skill level 16 in Ranged Weapons
 11829 | Lair:2   | Reached skill level 10 in Dodging
 12227 | Lair:3   | Reached skill level 10 in Fighting
 12298 | Lair:3   | Found a staircase to the Swamp.
 12397 | Lair:3   | Found a hole to the Spider Nest.
 12933 | Swamp:1  | Entered Level 1 of the Swamp
 12933 | Swamp:1  | Noticed a six-headed hydra
 13151 | Lair:4   | Noticed a four-headed hydra
 13155 | Lair:4   | Killed a four-headed hydra
 13156 | Lair:4   | Reached XP level 14. HP: 111/111 MP: 14/14
 13168 | Lair:4   | Found a runed translucent door.
 13168 | Lair:4   | Noticed Lutah's ghost (journeyman DgEE)
 13378 | Lair:4   | Reached ****** piety under Dithmenos
 13385 | Lair:4   | Found a staircase to the Slime Pits.
 13810 | Lair:4   | Gained mutation: You have hidden genetic potential. [potion
                  | of mutation]
 13810 | Lair:4   | Gained mutation: You have great hidden genetic potential.
                  | [potion of mutation]
 13810 | Lair:4   | Gained mutation: You occasionally shout uncontrollably at
                  | your foes. [potion of mutation]
 13946 | Lair:5   | Entered Level 5 of the Lair of Beasts
 14060 | Lair:5   | Reached skill level 10 in Stealth
 14445 | Lair:5   | Reached skill level 17 in Ranged Weapons
 14938 | Lair:5   | Found a runed translucent door.
 15048 | Lair:5   | Reached XP level 15. HP: 76/120 MP: 15/15
 15968 | D:11     | Lost mutation: You have great hidden genetic potential.
                  | [potion of mutation]
 15968 | D:11     | Lost mutation: You have hidden genetic potential. [potion
                  | of mutation]
 15968 | D:11     | Gained mutation: You have hidden genetic potential. [potion
                  | of mutation]
 16815 | D:12     | Found a staircase to the Orcish Mines.
 18412 | D:13     | Found a gate to the Vaults.
 18926 | D:14     | Noticed Azrael
 19293 | D:14     | Found a runed translucent door.
 19293 | D:14     | Noticed hackum's ghost (journeyman MfHu)
 19428 | D:14     | Killed Azrael
 19504 | D:14     | Found Loesmaci's Armour Emporium.
 19725 | D:14     | Reached skill level 18 in Ranged Weapons
 19859 | D:15     | Entered Level 15 of the Dungeon
 19869 | D:15     | Reached XP level 16. HP: 131/131 MP: 16/16
 20065 | D:15     | Found a hide-covered altar of Uskayaw.
 20235 | D:15     | Gained mutation: You possess an exceptional clarity of
                  | mind. [hidden potential]
 20237 | D:15     | Found a staircase to the Depths.
 20868 | Depths:1 | Entered Level 1 of the Depths
 20944 | Depths:1 | Found a one-way gateway to a ziggurat.
 21086 | Depths:1 | Noticed a fire giant
 21091 | Depths:1 | Killed a fire giant
 21363 | Depths:1 | Noticed a lich
 21441 | Depths:1 | Found a one-way gate to the infinite horrors of the Abyss.
 21475 | Depths:1 | Killed a lich
 21478 | Depths:1 | HP: 4/129 [something (9)]
 22026 | Depths:1 | Found a gateway to Hell.
 22761 | Depths:2 | Noticed Nikola
 22785 | Depths:2 | Killed Nikola
 22827 | Depths:2 | Noticed a lich
 22839 | Depths:2 | Killed a lich
 22840 | Depths:2 | Reached XP level 17. HP: 129/140 MP: 17/17
 22934 | Depths:2 | HP: 2/140 [spore (33)]
 23129 | Depths:2 | Gained mutation: You have a pair of small horns on your
                  | head. [hidden potential]
 23129 | Depths:2 | Lost mutation: You have hidden genetic potential. [hidden
                  | potential expressed]
 23617 | Depths:2 | Noticed a thorn hunter
 23629 | Depths:2 | Killed a thorn hunter
 23630 | Depths:2 | Reached skill level 19 in Ranged Weapons
 23691 | Depths:2 | Reached skill level 1 in Evocations
 23825 | Depths:1 | Mangled by a spriggan defender

Illustrated notes

Levels and vault maps discovered:
D:1:      dpeg_arrival_leaves_temple_mockup, layout_loops_cross, serial_shops,
          nicolae_shop_behind_doors, nicolae_shop_waterfront
D:2:      layout_loops_ring
D:3:      layout_basic, nicolae_wu_jian_immortal_techniques,
          corexii_item_surrounded_by_moat
D:4:      layout_cave_pods, okawaru_ov_weapons_minmay, evilmike_ruin_ashenzari,
          minmay_temple_entry_drinking_statues, nicolae_alphabet_shops,
          uniq_sigmund
D:5:      layout_loops_ring, mainiacjoe_overflow_concentric_impassable,
          serial_shops, nicolae_shop_statue_plus, kennysheep_generic_room_3
D:6:      minmay_cornered_nines, layout_rooms, abandoned_shop, uniq_eustachio,
          uniq_edmund
D:7:      layout_loops_corners, hangedman_abyss_or_decor_stabs
D:8:      minmay_spotlight, layout_loops_ring, uniq_erica
D:9:      layout_gridville, grunt_gozag_breadcrumbs, lightli_fourway_metalbox
D:10:     layout_basic, lemuel_tele_altar, david_lair_generic, serial_shops,
          nicolae_square_shop, nicolae_shop_stone, shop_statue,
          nicolae_shop_crystal, kennysheep_little_box,
          bh_hangedman_babel_library, uniq_maurice
D:11:     layout_basic
D:12:     layout_loops_ring, david_orc_2, nicolae_sextant,
          amcnicky_mini_pool_small, lemuel_flame_loot_1
D:13:     layout_basic, lightli_vaults_fourway_checkpoint
D:14:     layout_roguey, serial_shops, shop, gammafunk_ghost_grave,
          minmay_quadrilaterals, uniq_azrael
D:15:     hangedman_depths_entry_try_elsewhere_first, layout_long_grid,
          nicolae_uskayaw_suspiria
Temple:   nicolae_temple_x_marks_the_god
Lair:1:   dreamdust_isle_of_ice, layout_regular_city, gauntlet_entry_generic,
          infiniplex_staircase_pool
Lair:2:   layout_roguey
Lair:3:   layout_hall_layers, minmay_swamp_entry_worms,
          nicolae_spider_entry_orb_guardian, st_stairs_5
Lair:4:   layout_cave_shapes, slime_entry_1, gammafunk_ghost_grave
Lair:5:   wormcave, layout_gridlike
Swamp:1:  layout_basic_swamp, infiniplex_staircase_pool_2, swamp_pool3
Depths:1: layout_roguey, enter_ziggurat_c, pf_hell_entry_tar_spiral,
          minmay_room_of_horrors, minmay_strange_pillars,
          minmay_guarded_unrand_curses
Depths:2: grunt_forest_end_winery, layout_basic, abyss_entry, pan_entry,
          hellmouth_2, minmay_hedge_maze, uniq_nikola

Skill      XL: |  1  2  3  4  5  6  7  8  9 10 11 12 13 14 15 16 17 |
---------------+----------------------------------------------------+-----
Ranged Weapons | 5 6 8 9 11 12 14 15 16 17 18 19 | 19.0
Fighting       | 3 4 5 6 7 9 10 11 13 14 | 14.9
Dodging        | 3 4 5 6 7 9 10 11 12 13 14 | 14.0
Stealth        | 2 4 6 7 9 10 11 12 13 | 13.0
Evocations     | 1 |  1.0
Short Blades   | |  0.4

Action                     |  1- 3 |  4- 6 |  7- 9 | 10-12 | 13-15 | 16-18 || total
---------------------------+-------+-------+-------+-------+-------+-------++-------
  Melee: Dagger            |       |       |       |     1 |    60 |    14 ||    75
         Punch             |       |       |       |       |     3 |     1 ||     4
   Fire: Shortbow          |    94 |   131 |   290 |   796 |  1246 |       ||  2557
         Longbow           |       |       |       |       |    36 |   485 ||   521
         Arbalest          |       |       |       |       |     7 |       ||     7
  Evoke: Wand              |       |       |       |       |       |     8 ||     8
         Tin of tremorston |       |       |       |       |       |     1 ||     1
    Use: Scroll            |       |    11 |     4 |    12 |    19 |     4 ||    50
         Potion            |       |     4 |     1 |     2 |     8 |    11 ||    26
   Stab: Sleeping          |       |       |       |     1 |     4 |     5 ||    10
 Armour: Leather armour    |    12 |    14 |     8 |       |       |       ||    34
         Robe              |       |       |     6 |    39 |    66 |    29 ||   140
         Skin              |       |       |       |       |       |     4 ||     4
  Dodge: Dodged            |    30 |    54 |    91 |   436 |   646 |   189 ||  1446

Table legend: (Time is in decaauts)
 A = Elapsed time spent in this place.
 B = Non-inter-level travel time spent in this place.
 C = Inter-level travel time spent in this place.
 D = Time resting spent in this place.
 E = Time spent auto-exploring this place.
 F = Levels seen in this place.
 G = Mean time per level.
                   A        B        C        D        E       F      G
               +--------+--------+--------+--------+--------+-----+--------+
         Total |  23239 |  20805 |   2434 |      0 |  15422 |  24 |  968.3 |
       Dungeon |  14720 |  13063 |   1657 |      0 |  10197 |  15 |  981.3 |
        Temple |     78 |     59 |     19 |      0 |     53 |   1 |   78.0 |
          Lair |   5627 |   5109 |    518 |      0 |   3401 |   5 | 1125.4 |
         Swamp |      1 |      1 |      0 |      0 |      0 |   1 |    1.0 |
        Depths |   2811 |   2571 |    240 |      0 |   1771 |   2 | 1405.5 |
               +--------+--------+--------+--------+--------+-----+--------+

Top non-repeatable levels by time:
Depths:1: 1616 daAuts
  Lair:5: 1391 daAuts
     D:9: 1282 daAuts
  Lair:1: 1269 daAuts
    D:12: 1262 daAuts
    D:10: 1207 daAuts
Depths:2: 1195 daAuts
     D:7: 1186 daAuts
  Lair:2: 1106 daAuts
  Lair:3: 1055 daAuts
    D:14: 1051 daAuts
     D:8: 1002 daAuts
    D:15: 989 daAuts
     D:4: 961 daAuts
    D:11: 957 daAuts
